 Dungeon Crawl Stone Soup version 0.28.0 (webtiles) character file.

Game seed: 8828717192593820873

128 Razor13 the Grave Robber (level 4, -2/30 HPs)
             Began as a Mummy Necromancer on Feb 4, 2022.
             Slain by a gnoll (6 damage)
             ... on level 3 of the Dungeon on Feb 5, 2022.
             The game lasted 00:45:47 (3596 turns).

Razor13 the Grave Robber (Mummy Necromancer)        Turns: 3596, Time: 00:45:49

Health: -2/30      AC:  2    Str: 11    XL:     4   Next: 87%
Magic:  5/10       EV: 12    Int: 14    God:
Gold:   127        SH:  0    Dex: 14    Spells: 9/11 levels left

rFire   x . .      SeeInvis .   p - +2 dagger (speed)
rCold   + . .      Faith    .   (no shield)
rNeg    + + +      Spirit   .   a - +0 robe
rPois   ∞          Reflect  .   (no helmet)
rElec   .          Harm     .   (no cloak)
rCorr   .          Rampage  .   (no gloves)
Will    .....                   (no boots)
Stlth   ++........              (no amulet)
HPRegen 0.10/turn               (no ring)
MPRegen 0.12/turn               (no ring)

@: no status effects
A: cold resistance 1, negative energy resistance 3, torment resistance 2, heat
vulnerability 1, no potions
a: no special abilities


You were on level 3 of the Dungeon.
You visited 1 branch of the dungeon, and saw 3 of its levels.

You collected 127 gold pieces.

Inventory:

Hand Weapons
 c - a +1 dagger
 p - a +2 dagger of speed (weapon)
Missiles
 e - 2 javelins
 i - 5 poisoned darts
 n - 6 boomerangs
Armour
 a - a +0 robe (worn)
Scrolls
 h - a scroll of enchant weapon
Potions
 b - 2 potions of brilliance {unknown}
 d - 3 potions of heal wounds {unknown}
 l - a potion of flight {unknown}
 m - a potion of curing {unknown}
 o - a potion of berserk rage {unknown}


   Skills:
 + Level 2.5 Dodging
 - Level 1.5 Stealth
 + Level 4.1 Spellcasting
 + Level 5.1 Necromancy


You had 9 spell levels left.
You knew the following spells:

 Your Spells              Type           Power      Damage    Failure   Level
a - Pain                  Necr           68%        1d7       2%          1
b - Animate Skeleton      Necr           34%        N/A       2%          1

Your spell library contained the following spells:

 Spells                   Type           Power      Damage    Failure   Level
 Vampiric Draining        Necr           17%        2d7       7%          3
 Animate Dead             Necr           8%         N/A       24%         4
 Call Canine Familiar     Summ           2%         N/A       50%         3
 Portal Projectile        Hex/Tloc       4%         N/A       50%         3
 Agony                    Necr           17%        N/A       54%         5
 Leda's Liquefaction      Hex/Erth       1%         N/A       88%         4


Dungeon Overview and Level Annotations

Branches:
Dungeon (3/15)

Altars:

Shops:
D:2 (


Innate Abilities, Weirdness & Mutations

You are immune to poison.
Your flesh is cold resistant. (rC+)
You are immune to negative energy. (rN+++)
You are immune to unholy pain and torment.
You are vulnerable to heat. (rF-)
You do not drink.


Message History

Press: ? - help, Shift-Dir - straight line, f/p - gnoll
Aim: a gnoll, wielding a +0 flail (moderately wounded, 61% to hit)
You throw a poisoned dart.
The poisoned dart barely misses the quokka.
The poisoned dart hits the gnoll.
The gnoll is poisoned.
The gnoll is moderately wounded.
The quokka bites you. The quokka closely misses you. The quokka bites you.
The quokka bites you.
The gnoll looks more healthy.
Aiming: Pain (safe; 2% risk of failure)
Press: ? - help, Q - select action, (/) - cycle Shift-Dir - straight line, f - quokka, p - gnoll
Aim: a quokka (moderately wounded, chance to affect: 87%)
The quokka writhes in agony.
The quokka completely misses you.
Aiming: Pain (safe; 2% risk of failure)
Press: ? - help, Q - select action, (/) - cycle Shift-Dir - straight line, f/p - quokka
Aim: a quokka (almost dead, chance to affect: 87%)
The quokka writhes in agony!
You kill the quokka!
The gnoll closely misses you.
You see here a +0 short sword.
Items here: )) [[.
The gnoll hits you with a +0 flail!
* * * LOW HITPOINT WARNING * * *
There is a stone staircase leading down here.
The gnoll closely misses you.
Aiming: Pain (safe; 2% risk of failure)
Press: ? - help, Q - select action, (/) - cycle Shift-Dir - straight line, f - gnoll
Aim: a gnoll, wielding a +0 flail (moderately wounded, chance to affect: 81%)
The gnoll writhes in agony.
The gnoll closely misses you. The gnoll hits you with a +0 club.
* * * LOW HITPOINT WARNING * * *
Aiming: Pain (safe; 2% risk of failure)
Press: ? - help, Q - select action, (/) - cycle Shift-Dir - straight line, f/p - gnoll
Aim: a gnoll, wielding a +0 flail (severely wounded, chance to affect: 81%)
The gnoll writhes in agony!
You kill the gnoll!
The gnoll hits you with a +0 club.
You die...

#......# ######..
#......# ### #..)...# .
#..)...# ...
###...####....
############.............
(.........##....>........
###.####..##....)g.......
##........<#....@........
##..####..##.............
##..####..##.............
......................###
##.[####..##.........##
##..# #..##.........#
##..# #..##.........#
##..# #..##.........#
....# #..###########


You could see a gnoll.

Vanquished Creatures
  Jessica (D:3)
  3 adders
  A gnoll (D:3)
  A worm (D:3)
  4 dart slugs
  5 bats (D:1)
  7 endoplasms
  6 giant cockroaches
  3 goblins
  6 hobgoblins
  2 jackals (D:2)
  5 quokkas
  8 ball pythons
  2 frilled lizards
  3 kobolds
  2 rats (D:2)
59 creatures vanquished.

Notes
Turn   | Place    | Note
-------+----------+-------------------------------------------
     0 | D:1      | Razor13 the Mummy Necromancer began the quest for the Orb.
     0 | D:1      | Reached XP level 1. HP: 13/13 MP: 4/4
   195 | D:1      | Reached XP level 2. HP: 9/19 MP: 2/5
   899 | D:1      | Reached XP level 3. HP: 20/24 MP: 3/7
  1354 | D:2      | Learned a level 1 spell: Animate Skeleton
  1667 | D:2      | Found Ugyaxzefo's Antique Weapon Shop.
  2604 | D:2      | Reached XP level 4. HP: 30/30 MP: 6/9
  2889 | D:3      | Noticed Jessica
  2918 | D:3      | Killed Jessica
  2967 | D:3      | Reached skill level 5 in Necromancy
  3596 | D:3      | Slain by a gnoll

Illustrated notes

Levels and vault maps discovered:
D:1:      lightli_arrival_lavapool, layout_loops_ring
D:2:      layout_basic, serial_shops, nicolae_shop_overgrown_old_shop,
          minmay_surrounded
D:3:      layout_basic, roderic_serpentine_path, uniq_jessica

Skill      XL: |  1  2  3  4 |
---------------+-------------+-----
Spellcasting   | 3 4 |  4.1
Dodging        | 2 |  2.5
Necromancy     | 5 |  5.1
Stealth        | |  1.5

Action                   |  1- 3 |  4- 6 || total
-------------------------+-------+-------++-------
Melee: Dagger            |    52 |     4 ||    56
       Unarmed           |     4 |       ||     4
Throw: Dart              |     1 |     1 ||     2
 Cast: Pain              |    71 |    42 ||   113
       Animate Skeleton  |     5 |     3 ||     8
  Use: Scroll            |     3 |     1 ||     4
Armor: Robe              |    11 |       ||    11
       Ring mail         |    15 |       ||    15
Dodge: Dodged            |    74 |    12 ||    86
